 Dungeon Sprint DCSS version 0.31.0-9-g3a7656b989 (webtiles) character file.

Game seed: 4543434864237951646

228 Heoruswealwe the Spear-Bearer (level 5, -1/53 HPs)
             Began as a Minotaur Fighter on Jan 31, 2024.
             Was an Initiate of Gozag.
             Slain by an orc warrior
             ... wielding a +0 halberd
              (9 damage)
             ... in the Dungeon (Sprint IX: "|||||||||||||||||||||||||||||").
             The game lasted 00:01:25 (107 turns).

Heoruswealwe the Spear-Bearer (Minotaur Fighter)     Turns: 107, Time: 00:01:26

Health: -1/53      AC:  8    Str: 22    XL:     5   Next: 70%
Magic:  4/4        EV:  9    Int:  5    God:    Gozag
Gold:   0          SH:  4    Dex: 10    Spells: 4/4 levels left

rFire   . . .        a - +0 trident
rCold   . . .        d - +0 buckler
rNeg    . . .        c - +0 scale mail
rPois   .            (helmet restricted)
rElec   .            (no cloak)
rCorr   .            (no gloves)
SInv    .            (no boots)
Will    .....        (no amulet) Stlth
                     (no ring)
HPRegen 0.28/turn    (no ring)
MPRegen 0.09/turn

%: no teleportation
@: gold aura
A: horns 2, retaliatory headbutt
a: Renounce Religion, Potion Petition, Call Merchant, Bribe Branch


You were in the Dungeon.
You worshipped Gozag.
Gozag was noncommittal.
You visited 1 branch

Inventory:

Hand Weapons
 a - a +0 trident (weapon)
Armour
 c - a +0 scale mail (worn)
 d - a +0 buckler (worn)
Jewellery
 k - a +2 ring of protection
 l - a +2 ring of evasion
Wands
 h - a wand of roots (10)
Scrolls
 j - 2 scrolls of blinking
Potions
 b - a potion of might
 e - 2 potions of heal wounds
 f - 4 potions of curing
 g - a potion of haste
 i - a potion of berserk rage


   Skills:
 + Level 8.0 Fighting
 * Level 10.3 Polearms
 + Level 8.0 Armour
 - Level 3.6 Shields


You had 4 spell levels left.
You didn't know any spells.
Your spell library was empty.

Dungeon Overview and Level Annotations

Branches:
Dungeon (1/1)

Altars:
Cheibriados
Dithmenos
Elyvilon
Fedhas
Gozag
Hepliaklqana
Kikubaaqudgha
Makhleb
Nemelex Xobeh
Okawaru
Qazlal
Ru
Sif Muna
Trog
Uskayaw
Vehumet
Wu Jian
Xom
Yredelemnul
Zin
The Shining One
Jiyva
Lugonu


Innate Abilities, Weirdness & Mutations

You have a pair of horns on your head.
You reflexively headbutt those who attack you in melee.


Message History

An orc wizard is wielding a +1 dagger of electrocution.
The yak bellows!
The orc warrior shouts!
The orc wizard shouts!
The orc warrior shouts!
The orc wizard shouts! x2
You closely miss the orc wizard. Your headbutt misses the orc wizard.
The orc wizard hits you but does no damage.
You closely miss the orc wizard. Your headbutt misses the orc wizard.
The orc wizard barely misses you. You furiously retaliate!
You headbutt the orc wizard!
The orc wizard mumbles some strange words.
The orc wizard flickers and vanishes!
Deactivating autopickup; reactivate with Ctrl-A.
You puncture the orc wizard!
You kill the orc wizard!
The orc wizard gestures at you while chanting.
The puff of flame hits you!
* * * LOW HITPOINT WARNING * * *
Your Fighting skill increases to level 8!
Your Armour skill increases to level 8!
Unknown command.
The orc wizard gestures at you while chanting.
The puff of flame hits you but does no damage.
There is an open door to the Dungeon, spattered with blood here.
Things that are here:
72 gold pieces; a +0 dagger; a +0 robe You hit the orc wizard but do no damage.
The orc wizard gestures at you while chanting.
You are confused.
You closely miss the orc wizard.
You're too confused to move!
You bump into the unnaturally hard rock wall.
You bump into the unnaturally hard rock wall.
The orc warrior hits you with a +0 scimitar.
* * * LOW HITPOINT WARNING * * *
You hit the orc warrior but do no damage.
You headbutt the orc warrior!
The orc warrior is heavily wounded.
You feel less confused.
The orc warrior hits you from afar with a +0 halberd!
You die...
Your body crumbles into a pile of gold.

▓.▓
▓.▓
▓Y▓
▓.▓
▓.▓
▓o▓
▓o▓
▓o▓
▓@▓
▓[▓
▓[▓
▓[▓
▓.▓
▓)▓
▓?▓
▓!▓
▓'▓


You could see a yak, 2 orc warriors and an orc wizard.

Vanquished Creatures
  A water moccasin (D)
  A centaur (D)
  An orc wizard (D)
  An adder (D)
  2 orcs (D)
  A ball python (D)
  2 kobolds (D)
  A bat (D)
  A rat (D)
11 creatures vanquished.

Notes
Turn   | Place    | Note
-------+----------+-------------------------------------------
     0 | D        | Heoruswealwe the Minotaur Fighter began the quest for the
                  | Orb.
     0 | D        | Reached XP level 1. HP: 19/19 MP: 0/0
    10 | D        | Reached skill level 3 in Polearms
    23 | D        | Noticed a centaur
    23 | D        | Noticed a water moccasin
    32 | D        | Killed a water moccasin
    33 | D        | Reached skill level 8 in Polearms
    33 | D        | Reached XP level 2. HP: 22/31 MP: 1/1
    33 | D        | Reached XP level 3. HP: 27/38 MP: 2/2
    33 | D        | Reached XP level 4. HP: 31/45 MP: 3/3
    44 | D        | Killed a centaur
    44 | D        | HP: 2/45 [poisoned by an adder]
    45 | D        | Reached skill level 10 in Polearms
    45 | D        | Reached XP level 5. HP: 3/53 MP: 4/4
    51 | D        | Found a snail-covered altar of Cheibriados.
    51 | D        | Found a shadowy altar of Dithmenos.
    51 | D        | Found a white marble altar of Elyvilon.
    51 | D        | Found a blossoming altar of Fedhas.
    51 | D        | Found an opulent altar of Gozag.
    52 | D        | Found a hazy altar of Hepliaklqana.
    53 | D        | Found a viscous altar of Jiyva.
    54 | D        | Found an ancient bone altar of Kikubaaqudgha.
    55 | D        | Found a corrupted altar of Lugonu.
    56 | D        | Found a burning altar of Makhleb.
    57 | D        | Found a sparkling altar of Nemelex Xobeh.
    58 | D        | Found an iron altar of Okawaru.
    59 | D        | Became a worshipper of Gozag Ym Sagoz the Greedy
    60 | D        | Found a stormy altar of Qazlal.
    61 | D        | Found a sacrificial altar of Ru.
    62 | D        | Found a shimmering blue altar of Sif Muna.
    63 | D        | Found a bloodstained altar of Trog.
    64 | D        | Found a hide-covered altar of Uskayaw.
    65 | D        | Found a radiant altar of Vehumet.
    66 | D        | Found an ornate altar of the Wu Jian Council.
    67 | D        | Found a shimmering altar of Xom.
    68 | D        | Found a basalt altar of Yredelemnul.
    69 | D        | Found a glowing silver altar of Zin.
    70 | D        | Found a glowing golden altar of the Shining One.
    95 | D        | Noticed a yak
    95 | D        | Noticed an orc warrior
    95 | D        | Noticed an orc warrior
   107 | D        | Slain by an orc warrior

Illustrated notes

Levels and vault maps discovered:
D:        linesprint [early_d, line_temple, items_1, d_10, items_2, lair_1,
          lair_end, items_3, orc_1, orc_end, items_4, d_15, swamp_1, shoals_1,
          snake_1, spider_1, d_20, vaults_1, items_5, swamp_end, shoals_end,
          snake_end, spider_end, vaults_end, d_27, items_6, zot_1, zot_end,
          crypt_end, forest_end, elf_end, slime_end, tomb_end, abyss_end,
          pan_hell_end]

Skill      XL: |  1  2  3  4  5 |
---------------+----------------+-----
Polearms       | 8 10 | 10.3
Fighting       | 6 7 8 |  8.0
Armour         | 6 7 8 |  8.0
Shields        | |  3.6

Action                     |  1- 3 |  4- 6 || total
---------------------------+-------+-------++-------
  Melee: Trident           |    18 |    15 ||    33
         Headbutt          |     1 |     2 ||     3
    Use: Potion            |     2 |       ||     2
 Armour: Scale mail        |    14 |    13 ||    27
  Dodge: Dodged            |     7 |     4 ||    11
  Block: Buckler           |     4 |     2 ||     6
